 Dungeon Sprint DCSS version 0.23-a0-319-gb40ba49 (webtiles) character file.

256 Kidiri the Thaumaturge (level 5, -3/35 HPs)
             Began as a Demonspawn Fire Elementalist on Oct 15, 2018.
             Was a Believer of Okawaru.
             Slain by an ufetubus (5 damage)
             ... in the Dungeon (Sprint VII: "The Pits").
             The game lasted 00:03:57 (415 turns).

Kidiri the Thaumaturge (DsFE)                        Turns: 415, Time: 00:03:58

Health: -3/35      AC:  2    Str:  9    XL:     5   Next: 92%
Magic:  1/15       EV: 12    Int: 17    God:    Okawaru [**....]
Gold:   0          SH:  0    Dex: 13    Spells: 7/20 levels left

rFire    . . .     SeeInvis .   b - +3 dagger (elec)
rCold    . . .     Gourm    .   (no shield)
rNeg     . . .     Faith    .   a - +0 robe
rPois    .         Spirit   .   (no helmet)
rElec    .         Reflect  .   (no cloak)
rCorr    .         Harm     .   (no gloves)
MR       .....     NoTele   +   (no boots)
Stlth    +++.......             (no amulet)
HPRegen  0.11/turn              (no ring)
MPRegen  0.14/turn              (no ring)

@: no status effects
A: claws 1, nightstalker 1, spiny 2
a: Heroism, Renounce Religion


You were in the Dungeon.
You worshipped Okawaru.
Okawaru was pleased with you.
You were not hungry.

You visited 1 branch

Inventory:

Hand Weapons
 b - a +3 dagger of electrocution (weapon)
Armour
 a - a +0 robe (worn)
Scrolls
 i - a scroll of blinking
 k - 3 scrolls of remove curse
 l - 5 scrolls of amnesia
 m - a scroll of summoning
Potions
 d - 6 potions of curing
 e - 6 potions of heal wounds
 f - a potion of haste
 g - 4 potions of magic
 h - 3 potions of berserk rage
 j - 2 potions of invisibility
Comestibles
 c - 9 rations
 n - 8 chunks of flesh


   Skills:
 - Level 1.7 Dodging
 - Level 1.7 Stealth
 * Level 8.2 Spellcasting
 + Level 6.1 Conjurations
 + Level 6.2 Fire Magic


You had 7 spell levels left.
You knew the following spells:

 Your Spells              Type           Power        Failure   Level  Hunger
a - Flame Tongue          Conj/Fire      ####.        1%          1    None
b - Throw Flame           Conj/Fire      ####..       1%          2    None
c - Conjure Flame         Conj/Fire      ####....     2%          3    #......
d - Inner Flame           Hex/Fire       ###.....     9%          3    #......
e - Sticky Flame          Conj/Fire      ####....     8%          4    ###....

Your spell library contained the following spells:

 Spells                   Type           Power        Failure   Level  Hunger
 Fireball                 Conj/Fire      ####......   22%         5    #####..


Dungeon Overview and Level Annotations

Branches:
Dungeon (1/1)

Altars:
Ashenzari
Cheibriados
Dithmenos
Elyvilon
Fedhas
Gozag
Hepliaklqana
Kikubaaqudgha
Makhleb
Nemelex Xobeh
Okawaru
Qazlal
Ru
Sif Muna
Trog
Uskayaw
Vehumet
Wu Jian
Xom
Yredelemnul
Zin
The Shining One
Beogh
Jiyva
Lugonu

Annotations:
D exclusion: 2 doors


Innate Abilities, Weirdness & Mutations

You have sharp fingernails.
You are slightly more attuned to the shadows.
You are mostly covered in sharp spines.


Message History

You see here a gnoll skeleton.
The ufetubus shouts!
Casting: Flame Tongue (safe; 1% risk of failure)
Confirm with . or Enter, or press ? or * to list all spells.
Aiming: Flame Tongue (safe; 1% risk of failure)
Press: ? - help, Shift-Dir - straight line, f - ufetubus
Aim: an ufetubus The flame tongue hits the ufetubus.
The ufetubus is burned terribly!
The ufetubus is heavily wounded.
You closely miss the ufetubus.
The ufetubus is heavily wounded.
The ufetubus is struck by your spines. The ufetubus completely misses you.
The ufetubus barely misses you. The ufetubus hits you.
* * * LOW HITPOINT WARNING * * *
The ufetubus hits you.
* * * LOW HITPOINT WARNING * * *
You closely miss the ufetubus.
The ufetubus is almost dead.
The ufetubus hits you.
You die...

#.#...)))[.##.....
#.#...)))[.##.....
#'###########.....
#รท......# ######
#.......#
#...#...#
#..###..#
#...#...#
#@5.....#
#.......+ ########


You could see an ufetubus.

Vanquished Creatures
  A floating eye (D)
  A phantom (D)
  An iron imp (D)
  A gnoll (D)
  A river rat (D)
  An ooze (D)
  An adder skeleton (D)
  A worm (D)
  A bat (D)
  A giant cockroach (D)
  2 goblins (D)
  A hobgoblin (D)
  A kobold (D)
  A quokka zombie (D)
15 creatures vanquished.

Notes
Turn   | Place    | Note
-------+----------+-------------------------------------------
     0 | D        | Kidiri the Demonspawn Fire Elementalist began the quest for
                  | the Orb.
     0 | D        | Reached XP level 1. HP: 13/13 MP: 3/3
   130 | D        | Found a bloodstained altar of Trog.
   130 | D        | Found a deep blue altar of Sif Muna.
   130 | D        | Found a viscous altar of Jiyva.
   130 | D        | Found a hazy altar of Hepliaklqana.
   130 | D        | Found an opulent altar of Gozag.
   131 | D        | Found a glowing golden altar of the Shining One.
   131 | D        | Found a glowing silver altar of Zin.
   131 | D        | Found a basalt altar of Yredelemnul.
   131 | D        | Found a shimmering altar of Xom.
   131 | D        | Found an ornate altar of the Wu Jian Council.
   131 | D        | Found a sacrificial altar of Ru.
   131 | D        | Found a stormy altar of Qazlal.
   131 | D        | Found an iron altar of Okawaru.
   131 | D        | Found a sparkling altar of Nemelex Xobeh.
   131 | D        | Found a burning altar of Makhleb.
   131 | D        | Found a blossoming altar of Fedhas.
   131 | D        | Found a white marble altar of Elyvilon.
   131 | D        | Found a shadowy altar of Dithmenos.
   131 | D        | Found a snail-covered altar of Cheibriados.
   132 | D        | Found a radiant altar of Vehumet.
   132 | D        | Found a corrupted altar of Lugonu.
   132 | D        | Found a roughly hewn altar of Beogh.
   133 | D        | Found a hide-covered altar of Uskayaw.
   133 | D        | Found an ancient bone altar of Kikubaaqudgha.
   133 | D        | Found a shattered altar of Ashenzari.
   140 | D        | Became a worshipper of Warmaster Okawaru
   160 | D        | Noticed a floating eye
   163 | D        | Reached skill level 3 in Spellcasting
   163 | D        | Gained mutation: You are slightly more attuned to the
                  | shadows. [demonic ancestry]
   163 | D        | Reached XP level 2. HP: 18/19 MP: 0/6
   168 | D        | Paralysed by a floating eye for 2 turns
   171 | D        | Paralysed by a floating eye for 2 turns
   174 | D        | Killed a floating eye
   174 | D        | Reached * piety under Okawaru
   174 | D        | Reached skill level 6 in Spellcasting
   174 | D        | Reached skill level 5 in Fire Magic
   174 | D        | Gained mutation: You are partially covered in sharp spines.
                  | [demonic ancestry]
   174 | D        | Reached XP level 3. HP: 23/24 MP: 1/10
   174 | D        | Gained mutation: You have sharp fingernails. [demonic
                  | ancestry]
   174 | D        | Reached XP level 4. HP: 29/30 MP: 1/12
   178 | D        | Learned a level 2 spell: Throw Flame
   182 | D        | Learned a level 3 spell: Conjure Flame
   186 | D        | Learned a level 3 spell: Inner Flame
   191 | D        | Learned a level 4 spell: Sticky Flame
   356 | D        | Noticed a phantom
   380 | D        | Reached skill level 7 in Spellcasting
   380 | D        | Reached skill level 5 in Conjurations
   380 | D        | Gained mutation: You are mostly covered in sharp spines.
                  | [demonic ancestry]
   380 | D        | Reached XP level 5. HP: 18/35 MP: 10/14
   403 | D        | Killed a phantom
   403 | D        | Reached ** piety under Okawaru
   403 | D        | Reached skill level 8 in Spellcasting
   415 | D        | Slain by an ufetubus

Vault maps used:
D:        pitsprint

Skill      XL: |  1  2  3  4  5 |
---------------+----------------+-----
Fire Magic     | 3 5 6 |  6.2
Spellcasting   | 3 6 7 8 |  8.2
Conjurations   | 2 4 5 6 |  6.1
Dodging        | |  1.7
Stealth        | |  1.7

Action                   |  1- 3 |  4- 6 || total
-------------------------+-------+-------++-------
Melee: Unarmed           |     4 |       ||     4
       Dagger            |     9 |    24 ||    33
 Cast: Flame Tongue      |     7 |    21 ||    28
       Conjure Flame     |       |     2 ||     2
Armor: Robe              |       |     3 ||     3
Dodge: Dodged            |     3 |    16 ||    19

Table legend:
 A = Non-vault XP
 B = Vault XP
 C = Vault XP percentage of total XP
 D = Non-vault monster count
 E = Vault monster count
 F = Vault count percentage of total count
                 A         B        C        D         E       F
            +---------+---------+-------+---------+---------+-------
      Total |       0 |     366 | 100.0 |       0 |      15 | 100.0
            +---------+---------+-------+---------+---------+-------
          D |       0 |     366 | 100.0 |       0 |      15 | 100.0
            +---------+---------+-------+---------+---------+-------
